 Dungeon Crawl Stone Soup version 0.30-a0-847-g17996783a1 (webtiles) character file.

Game seed: 15340613546819316772

113 qeuew the Poker (level 4, -1/35 HPs)
             Began as a Merfolk Gladiator on Mar 3, 2023.
             Slain by an adder (3 damage)
             ... in a sewer.
             The game lasted 00:04:17 (2011 turns).

qeuew the Poker (Merfolk Gladiator)                 Turns: 2011, Time: 00:04:17

Health: -1/35      AC:  4    Str: 16    XL:     4   Next: 96%
Magic:  4/4        EV: 16    Int:  7    God:
Gold:   128        SH:  0    Dex: 15    Spells: 3/3 levels left

rFire   . . .      SeeInvis .    a - +0 trident
rCold   . . .      Faith    .    (no shield)
rNeg    . . .      Spirit   .    b - +0 leather armour
rPois   .          Reflect  .    c - +0 helmet
rElec   .          Rampage  .    (no cloak)
rCorr   +                        (no gloves)
Will    .....                    (boots currently unavailable)
Stlth   ++                       (no amulet)
HPRegen 0.25/turn                m - ring of resist corrosion
MPRegen 0.09/turn                (no ring)

@: lethally poisoned (-1 -> -2), very quick
A: nimble swimmer 2, mertail, sense surroundings 1
a: no special abilities


You were in a sewer.
You visited 1 branch of the dungeon, and saw 3 of its levels.
You also visited: Sewer.

You collected 128 gold pieces.

Inventory:

Hand Weapons
 a - a +0 trident (weapon)
Armour
 b - a +0 leather armour (worn)
 c - a +0 helmet (worn)
Jewellery
 m - a ring of resist corrosion (left hand)
Scrolls
 g - a scroll of amnesia
 h - a scroll of immolation {unknown}
Potions
 j - a potion of flight
 l - a potion of magic


   Skills:
 + Level 3.0 Fighting
 * Level 5.3 Polearms
 + Level 2.6 Throwing
 + Level 1.1 Armour
 + Level 4.5 Dodging


You had 3 spell levels left.
You didn't know any spells.
Your spell library contained the following spells:

 Spells                   Type           Power      Damage    Failure   Level
 Beastly Appendage        Tmut           0%         N/A       50%         1
 Foxfire                  Conj/Fire      0%         2x1d4     50%         1
 Magic Dart               Conj           0%         1d3       50%         1
 Wereblood                Tmut           0%         N/A       65%         2
 Kindle Blastsparks       Fire/Tloc/Air  0%         2d10      86%         3
 Mephitic Cloud           Conj/Pois/Air  0%         N/A       86%         3
 Spider Form              Tmut/Pois      0%         N/A       86%         3
 Sticky Flame             Conj/Fire      0%         2d3       99%         4


Dungeon Overview and Level Annotations

Branches:
Dungeon (3/15)              Sewer (1/1)

Altars:


Innate Abilities, Weirdness & Mutations

You are very nimble when in or above water. (Stealth+, EV+, Speed+++)
Your lower body shifts to a powerful aquatic tail in water.
You passively map a small area around you.


Message History

You reach to attack!
You closely miss the adder.
The adder is moderately wounded.
The adder bites you.
* * * LOW HITPOINT WARNING * * *
You are poisoned.
The adder poisons you!
Okay, then.
Okay, then.
Throw: 3 throwing nets
Press: ? - help, Q - select action, (/) - cycle Shift-Dir - straight line, f/p - adder
Aim: an adder (moderately wounded, 42% to hit)
You throw a throwing net.
The throwing net closely misses the adder.
* * * LOW HITPOINT WARNING * * *
You feel sick. The adder closely misses you.
Throw: 2 throwing nets
Press: ? - help, Q - select action, (/) - cycle Shift-Dir - straight line, f/p - adder
Aim: an adder (moderately wounded, 42% to hit)
You throw a throwing net.
The throwing net barely misses the adder.
* * * LOW HITPOINT WARNING * * *
You feel sick. The adder barely misses you.
The endoplasm completely misses you.
Throw: throwing net
Press: ? - help, Q - select action, (/) - cycle Shift-Dir - straight line, f/p - adder
Aim: an adder (moderately wounded, 42% to hit)
You throw a throwing net.
The throwing net closely misses the adder.
* * * LOW HITPOINT WARNING * * *
You feel sick. The adder misses you. The endoplasm misses you.
Throw: javelin
Press: ? - help, Q - select action Shift-Dir - straight line, f/p - adder
Aim: an adder (moderately wounded, 42% to hit)
You throw a javelin. The javelin pierces through the adder.
The adder is almost dead.
* * * LOW HITPOINT WARNING * * *
You feel sick. The adder barely misses you.
The endoplasm hits you but does no damage.
The adder bites you.
You die...

* ####.~## * ,
..~~.(## ~~~~.#
########## ~ #...#
#.~.~~..~. #.~
#.~#### #.~.~..~..
*#.~#
#.....###~~#######
*#.~~~ ##~.~.~~##~.#
.##~.~##.SJ##..##..#
~...~.#~~@##
.##..#######
.~~.~~.~.##
##.†~...†..
#.~~~~.~##
#...~.~.~.
###~.~~~~## *
##########
#~~~~.~~~##
*#~~.###..~.# #.~~#
,##.~~## # #~.# ,
,##.~.### ### #.~ ,
#.~..~#########..


You could see an adder and an endoplasm.

Vanquished Creatures
  An adder (Sewer)
  A river rat (D:3)
  3 worms
  4 dart slugs
  4 orcs (D:3)
  5 bats
  9 endoplasms
  3 giant cockroaches
  5 goblins
  7 hobgoblins
  2 jackals (D:1)
  3 kobolds
  4 quokkas
  6 ball pythons
  3 frilled lizards
  9 rats
69 creatures vanquished.

Vanquished Creatures (others)
  3 plants (D:3)
3 creatures vanquished.

Grand Total: 72 creatures vanquished

Notes
Turn   | Place    | Note
-------+----------+-------------------------------------------
     0 | D:1      | qeuew the Merfolk Gladiator began the quest for the Orb.
     0 | D:1      | Reached XP level 1. HP: 16/16 MP: 1/1
    44 | D:1      | Reached XP level 2. HP: 9/23 MP: 2/2
   569 | D:1      | Reached XP level 3. HP: 28/28 MP: 3/3
  1067 | D:2      | Got the Omnibus of the Baker
  1268 | D:2      | Found a faded altar of an unknown god.
  1284 | D:2      | Reached XP level 4. HP: 31/34 MP: 4/4
  1372 | D:2      | Gained mutation: You passively map a small area around you.
                  | [potion of mutation]
  1559 | D:3      | Reached skill level 5 in Polearms
  1751 | D:3      | Reached skill level 1 in Armour
  1757 | D:3      | Found a glowing drain.
  1761 | Sewer    | Entered a sewer
  2011 | Sewer    | Slain by an adder

Illustrated notes

Levels and vault maps discovered:
D:1:      reono_arrival_forest_river, layout_loops_ring
D:2:      layout_basic, chequers_ecumenical_altar_island, corner_web_ring
D:3:      layout_basic, mainiacjoe_overflow_boulevard,
          mainiacjoe_overflow_big_doors, nicolae_overflow_ecumenical_swirl,
          gup_sewer_entry_spiral
Sewer:    sewer_hellmonk_slimy_pipes

Skill      XL: |  1  2  3  4 |
---------------+-------------+-----
Polearms       | 5 |  5.3
Armour         | 1 |  1.1
Fighting       | 3 |  3.0
Throwing       | |  2.6
Dodging        | |  4.5

Action                     |  1- 3 |  4- 6 || total
---------------------------+-------+-------++-------
  Melee: Trident           |   149 |   101 ||   250
         Punch             |     3 |       ||     3
         Tailslap          |     3 |     1 ||     4
  Throw: Throwing net      |       |     3 ||     3
         Javelin           |       |     1 ||     1
    Use: Scroll            |     5 |     3 ||     8
         Potion            |     3 |     4 ||     7
   Stab: Sleeping          |     2 |     6 ||     8
 Armour: Leather armour    |    24 |     8 ||    32
  Dodge: Dodged            |    94 |    62 ||   156

Table legend: (Time is in decaauts)
 A = Elapsed time spent in this place.
 B = Non-inter-level travel time spent in this place.
 C = Inter-level travel time spent in this place.
 D = Time resting spent in this place.
 E = Time spent auto-exploring this place.
 F = Levels seen in this place.
 G = Mean time per level.
                   A        B        C        D        E       F      G
               +--------+--------+--------+--------+--------+-----+--------+
         Total |   1981 |   1784 |    197 |      0 |   1303 |   4 |  495.2 |
       Dungeon |   1738 |   1541 |    197 |      0 |   1136 |   3 |  579.3 |
         Sewer |    242 |    242 |      0 |      0 |    166 |   1 |  242.0 |
               +--------+--------+--------+--------+--------+-----+--------+

Top non-repeatable levels by time:
     D:1: 791 daAuts
     D:2: 641 daAuts
     D:3: 304 daAuts
   Sewer: 242 daAuts
